 Dungeon Crawl Stone Soup version 0.19-a0-1815-g4007336 (webtiles) character file.

30214 Amnesiac the Severer (level 13, 0/126 HPs)
             Began as a Hill Orc Gladiator on Oct 6, 2016.
             Was the Champion of Okawaru.
             Slain by an entropy weaver (6 damage)
             ... on level 4 of the Lair of Beasts.
             The game lasted 00:27:13 (16228 turns).

Amnesiac the Severer (Hill Orc Gladiator)          Turns: 16228, Time: 00:27:13

Health: 0/126      AC: 14    Str: 19    XL:     13   Next: 50%
Magic:  13/13      EV: 10    Int:  8    God:    Okawaru [******]
Gold:   816        SH:  0    Dex: 15    Spells: 0 memorised, 12 levels left

rFire  + . .     SeeInvis .     B - +4 battleaxe (freeze)
rCold  + . .     Gourm    .     M - +1 chain mail {MR+}
rNeg   . . .     Faith    .     (shield currently unavailable)
rPois  .         Spirit   .     b - +2 helmet
rElec  .         Dismiss  .     w - +0 cloak
rCorr  .         Reflect  .     k - +0 pair of gloves
MR     +....     Harm     .     q - +0 pair of boots
Stlth  ..........               W - amulet of regeneration
                                J - ring of protection from fire
                                l - ring of protection from cold

@: about to teleport, corroded
A: no striking features
a: Heroism, Finesse, Renounce Religion


You were on level 4 of the Lair of Beasts.
You worshipped Okawaru.
Okawaru was exalted by your worship.
You were very hungry.

You visited 3 branches of the dungeon, and saw 16 of its levels.

You collected 816 gold pieces.

Inventory:

Hand Weapons
 B - a +4 battleaxe of freezing (weapon)
 I - the +6 battleaxe of Vengeance {venom, rC+++ rN+++ Int+2 Dex-5}
   (Okawaru gifted it to you on level 4 of the Lair of Beasts)

   It poisons the flesh of those it strikes.
   It affects your intelligence (+2).
   It affects your dexterity (-5).
   It renders you almost immune to cold.
   It renders you almost immune to negative energy.
Missiles
 c - 7 javelins of returning (quivered)
 d - 2 throwing nets
Armour
 b - a +2 helmet (worn)
 k - a +0 pair of gloves (worn)
 q - a +0 pair of boots (worn)
 w - a +0 cloak (worn)
 M - a +1 chain mail of magic resistance (worn)
Jewellery
 e - an uncursed ring of wizardry
 l - a ring of protection from cold (left hand)
 J - a ring of protection from fire (right hand)
 W - an amulet of regeneration (around neck)
Wands
 m - a wand of iceblast (2/15)
 s - a wand of lightning (0/15)
 u - a wand of flame (23/48)
 H - a wand of acid (0/15)
 N - a wand of slowing (27/48)
 V - a wand of paralysis (6/24)
Scrolls
 g - 7 scrolls of identify
 j - 9 scrolls of remove curse
 o - 8 scrolls of teleportation
 A - a scroll of amnesia
 E - a scroll of fog
 O - 2 scrolls of fear
 P - 4 scrolls of recharging
 R - a scroll of enchant weapon
 S - 2 scrolls of magic mapping
Potions
 a - 5 potions of heal wounds
 h - a potion of cancellation
 t - 3 potions of flight
 x - 11 potions of curing
 z - a potion of berserk rage
 C - 2 potions of brilliance
 F - 2 potions of ambrosia
 G - a potion of mutation
 K - a potion of magic
 L - a potion of might
Books
 r - a book of Power

   Spells                             Type                      Level
   a - Fulminant Prism                Conjuration/Hexes            4
   b - Iskenderun's Mystic Blast      Conjuration                  4
   c - Venom Bolt                     Conjuration/Poison           5
   d - Bolt of Magma                  Conjuration/Fire/Earth       5
   e - Iron Shot                      Conjuration/Earth            6
   f - Orb of Destruction             Conjuration                  7
   g - Spellforged Servitor           Conjuration/Summoning        7
 y - a book of Misfortune

   Spells                             Type                      Level
   a - Confusing Touch                Hexes                        1
   b - Confuse                        Hexes                        3
   c - Gell's Gravitas                Hexes/Translocation          3
   d - Petrify                        Transmutation/Earth          4
   e - Metabolic Englaciation         Hexes/Ice                    5
   f - Yara's Violent Unravelling     Hexes/Transmutation          5
 T - a book of Party Tricks

   Spells                             Type                      Level
   a - Summon Butterflies             Summoning                    1
   b - Apportation                    Translocation                1
   c - Lesser Beckoning               Translocation                3
   d - Tukima's Dance                 Hexes                        3
   e - Alistair's Intoxication        Transmutation/Poison         5
   f - Invisibility                   Hexes                        6
Comestibles
 f - 13 bread rations
 i - 4 meat rations
 n - 7 beef jerkies
 p - 12 slices of pizza
 v - a royal jelly
 Q - 13 fruits


   Skills:
 - Level 15.0 Fighting
 - Level 20.2 Axes
 - Level 2.0 Throwing
 + Level 5.9 Armour
 + Level 4.8 Dodging


You had 12 spell levels left.
You didn't know any spells.

Dungeon Overview and Level Annotations

Branches:
Dungeon (10/15)            Temple (1/1) D:4            Lair (5/6) D:10
 Shoals (0/4) Lair:3        Snake (0/4) Lair:2        Slime (0/5) Lair:5
    Orc: D:9-12

Altars:
Ashenzari
Cheibriados
Dithmenos
Elyvilon
Fedhas
Gozag
Hepliaklqana
Kikubaaqudgha
Makhleb
Nemelex Xobeh
Okawaru
Qazlal
Ru
Sif Muna
Trog
Uskayaw
Vehumet
Xom
Yredelemnul
Zin
The Shining One


Message History

You butcher the worker ant corpse.
The entropy weaver casts a spell.
The entropic weave corrodes you!
Things that are here:
a soldier ant corpse; a chunk of flesh; 3 chunks of flesh Unknown command.
As you read the scroll of teleportation, it crumbles to dust.
You feel strangely unstable.
The entropy weaver hits you but does no damage.
The entropy weaver hits you!
* * * LOW HITPOINT WARNING * * *
The entropy weaver completely misses you.
The entropy weaver hits you but does no damage.
Unknown command.
The entropy weaver barely misses you. The entropy weaver hits you.
* * * LOW HITPOINT WARNING * * *
The entropy weaver hits you.
* * * LOW HITPOINT WARNING * * *
The entropy weaver hits you.
You die...

...###.#.# .....##.##
..P....#.## ...#....#.#
...#.....## .....##.##
### ##..#.#.## ###.####
..#.....P### ##.†a...#
...#......P###..@#'''#
##....#.........##††.#
##.#.....#..#####..#..#
##..P.#......# ..###...
##...P......## ..a
.(.(# .#.#......#.#
#aa. ..## ........#####
..#. #..# ..#.....#
..### #.. ...#...##


You could see an entropy weaver.

Vanquished Creatures
  An entropy weaver (Lair:4)
  Erolcha (D:9)
  2 hydras
  The ghost of Amnesiac the Basher, a novice OgBe of Trog (D:8)
  2 death yaks (Lair:4)
  Sonja (Lair:4)
  A hill giant (D:10)
  The ghost of Amnesiac the Cleaver, a novice HOMo of Okawaru (D:7)
  2 orc knights (D:8)
  Pikel (D:8)
  A siren (Lair:3)
  Maurice (D:9)
  2 torpor snails (Lair:4)
  4 spiny frogs (Lair:1)
  4 komodo dragons
  2 rime drakes (Lair:4)
  2 polar bears
  A two-headed ogre (D:9)
  A hornet (D:10)
  3 slime creatures (Lair:5)
  3 blink frogs (Lair:4)
  5 hippogriffs
  A human (D:8)
  3 hogs (D:8)
  29 yaks
  A hungry ghost (D:9)
  15 wargs
  3 nagas (Lair:2)
  19 soldier ants (Lair:4)
  5 water moccasins
  7 orc warriors
  7 porcupines
  2 ice beasts
  3 sky beasts
  2 black bears
  4 slaves (D:8)
  2 phantoms
  3 ogres
  3 wolves (Lair:3)
  5 crocodiles
  3 centaurs
  5 bullfrogs
  A wyvern skeleton (D:10)
  2 scorpions
  7 killer bees
  3 wights (D:6)
  3 howler monkeys
  3 electric eels
  5 crimson imps
  2 jellies
  A quasit (D:4)
  2 bullfrog zombies
  4 hounds
  8 orc priests
  Ijyb (D:2)
  5 iguanas
  5 orc wizards
  17 worker ants
  2 hound skeletons (D:5)
  Robin (D:2)
  12 gnolls
  8 adders
  7 river rats (Lair:3)
  2 shadow imps (D:6)
  6 oozes
  2 adder zombies
  2 adder skeletons
  4 worms
  3 dart slugs
  4 leopard geckos
  79 orcs
  3 ball pythons
  6 giant cockroaches
  7 hobgoblins
  14 jackals
  4 kobolds
  5 quokkas
  11 bats
  3 frilled lizards
  17 goblins
  A jackal skeleton (D:4)
  A leopard gecko skeleton (D:4)
  A quokka skeleton (D:9)
  9 rats
  A bush (Lair:3)
  2 fungi
  A plant (Lair:3)
451 creatures vanquished.

Vanquished Creatures (others)
  2 fungi (Lair:3)
  2 plants (D:8)
4 creatures vanquished.

Grand Total: 455 creatures vanquished

Notes
Turn   | Place    | Note
-------+----------+-------------------------------------------
     0 | D:1      | Amnesiac the Hill Orc Gladiator began the quest for the Orb.
     0 | D:1      | Reached XP level 1. HP: 18/18 MP: 1/1
    49 | D:1      | Reached XP level 2. HP: 8/25 MP: 2/2
   442 | D:2      | Reached XP level 3. HP: 27/31 MP: 3/3
   512 | D:4      | Reached skill level 5 in Axes
   512 | D:4      | Reached XP level 4. HP: 33/38 MP: 4/4
   515 | D:4      | Reached skill level 6 in Axes
   516 | D:4      | Reached skill level 7 in Axes
   516 | D:4      | Reached XP level 5. HP: 29/45 MP: 5/5
   810 | D:4      | Reached skill level 8 in Axes
   810 | D:4      | Reached XP level 6. HP: 51/51 MP: 6/6
   838 | D:4      | Reached skill level 9 in Axes
  1391 | D:4      | Found a staircase to the Ecumenical Temple.
  1399 | D:4      | Reached XP level 7. HP: 53/57 MP: 7/7
  1426 | Temple   | Entered the Ecumenical Temple
  1498 | Temple   | Became a worshipper of Warmaster Okawaru
  1651 | D:3      | Reached skill level 10 in Axes
  2176 | D:2      | Noticed Ijyb
  2183 | D:2      | Killed Ijyb
  3243 | D:2      | Noticed Robin
  3249 | D:2      | Reached skill level 5 in Fighting
  3259 | D:2      | Killed Robin
  3642 | D:3      | Found a bloodstained altar of Trog.
  4086 | D:5      | Entered Level 5 of the Dungeon
  4253 | D:5      | Reached XP level 8. HP: 70/70 MP: 8/8
  4344 | D:5      | Reached * piety under Okawaru
  4747 | D:5      | You fall through a shaft!
  5010 | D:6      | Reached skill level 11 in Axes
  5253 | D:6      | Reached skill level 12 in Axes
  5459 | D:6      | Reached ** piety under Okawaru
  5851 | D:7      | Reached skill level 13 in Axes
  5851 | D:7      | Reached XP level 9. HP: 75/75 MP: 9/9
  5867 | D:7      | Noticed Amnesiac's ghost (novice HOMo)
  5884 | D:7      | Killed Amnesiac's ghost
  5884 | D:7      | Reached skill level 14 in Axes
  6398 | D:8      | Noticed Amnesiac's ghost (novice OgBe)
  6409 | D:8      | Reached *** piety under Okawaru
  6425 | D:8      | Reached skill level 15 in Axes
  6436 | D:8      | Killed Amnesiac's ghost
  6436 | D:8      | Reached skill level 16 in Axes
  6436 | D:8      | Reached XP level 10. HP: 83/83 MP: 10/10
  6537 | D:8      | Noticed an orc knight
  6854 | D:8      | Noticed an orc knight
  6887 | D:8      | Killed an orc knight
  6887 | D:8      | Reached **** piety under Okawaru
  7357 | D:8      | Killed an orc knight
  7409 | D:8      | Reached skill level 10 in Fighting
  7659 | D:8      | Reached ***** piety under Okawaru
  8560 | D:8      | Noticed Pikel
  8569 | D:8      | Killed Pikel
  8569 | D:8      | Reached skill level 17 in Axes
  8569 | D:8      | Reached XP level 11. HP: 101/101 MP: 11/11
  8711 | D:8      | Found a shattered altar of Ashenzari.
  8711 | D:8      | Found a deep blue altar of Sif Muna.
  9023 | D:8      | Found a hazy altar of Hepliaklqana.
  9023 | D:8      | Found a basalt altar of Yredelemnul.
  9450 | D:9      | Noticed Erolcha
  9496 | D:9      | Killed Erolcha
  9496 | D:9      | Received a gift from Okawaru
  9496 | D:9      | Reached skill level 18 in Axes
  9782 | D:9      | Noticed Maurice
  9805 | D:9      | Killed Maurice
 10069 | D:9      | Found a snail-covered altar of Cheibriados.
 10230 | D:10     | Entered Level 10 of the Dungeon
 10232 | D:10     | Noticed a hill giant
 10243 | D:10     | Received a gift from Okawaru
 10254 | D:10     | Killed a hill giant
 10254 | D:10     | Reached skill level 19 in Axes
 10897 | D:10     | Found a staircase to the Lair.
 11478 | Lair:1   | Entered Level 1 of the Lair of Beasts
 11489 | Lair:1   | Reached XP level 12. HP: 99/107 MP: 12/12
 11494 | Lair:1   | Noticed a six-headed hydra
 11531 | D:10     | Killed a six-headed hydra
 11531 | D:10     | Reached skill level 20 in Axes
 11833 | Lair:1   | Received a gift from Okawaru
 12600 | Lair:1   | Identified a scroll of acquirement
 13120 | Lair:2   | Found a staircase to the Snake Pit.
 13915 | Lair:3   | Reached ****** piety under Okawaru
 13927 | Lair:3   | Received a gift from Okawaru
 14232 | Lair:3   | Noticed an eight-headed hydra
 14510 | Lair:3   | Found a staircase to the Shoals.
 14657 | Lair:4   | Noticed Sonja
 14669 | Lair:4   | Killed Sonja
 14991 | Lair:4   | Reached XP level 13. HP: 70/125 MP: 13/13
 15006 | Lair:4   | Reached skill level 15 in Fighting
 15204 | Lair:4   | Reached skill level 1 in Armour
 15655 | Lair:4   | Received a gift from Okawaru
 15663 | Lair:4   | Got a bone battleaxe {god gift}
 15664 | Lair:4   | Identified the +6 battleaxe of Vengeance {venom, rC+++ rN+++ Int+2 Dex-5} (Okawaru gifted it to you on level 4 of the Lair of Beasts)
 15733 | Lair:4   | You fall through a shaft!
 15872 | Lair:5   | Found a staircase to the Slime Pits.
 16110 | Lair:4   | Noticed an entropy weaver
 16112 | Lair:4   | Reached skill level 5 in Armour
 16148 | Lair:4   | Killed an entropy weaver
 16225 | Lair:4   | Noticed an entropy weaver
 16228 | Lair:4   | HP: 6/126 [entropy weaver (4)]
 16228 | Lair:4   | Slain by an entropy weaver

Vault maps used:
D:1:      lemuel_arrival_room, minmay_tiny_reverse_x
D:2:      hangedman_decor_lopped, grunt_decor_fettered,
          hangedman_decor_opposing, minivault_5, uniq_iyjb, uniq_robin
D:3:      kennysheep_six_static_rooms, bloody_trog
D:4:      kennysheep_opposing_triangles
D:5:      first_bread, minmay_misc_feat_pillars
D:8:      lemuel_castle_with_subvaults, grunt_temple_overflow_open,
          grunt_livestock, uniq_pikel
D:9:      marbit_many_paths, uniq_erolcha, uniq_maurice
D:10:     erik_lair_orcish_takeover, water_maze_lemuel
Temple:   regret_index_temple_waves
Lair:1:   infiniplex_staircase_pool_2, grunt_megastairs_4, serial_bayou_shore_a
Lair:2:   minmay_snake_entry_guardpost_medium, nicolae_quartered_pool_medium
Lair:3:   minmay_shoals_entry_lonely_mermaid, minivault_25,
          grunt_forest_large_clearings
Lair:4:   zaba_antful_of_joy, uniq_sonja
Lair:5:   minmay_slime_entry_pillars

Skill      XL: |  1  2  3  4  5  6  7  8  9 10 11 12 13 |
---------------+----------------------------------------+-----
Throwing       | 2 |  2.0
Fighting       | 3 6 10 14 15 | 15.0
Axes           | 5 7 8 9 10 13 16 17 19 20 | 20.2
Armour         | 5 |  5.9
Dodging        | 4 |  4.8

Action                   |  1- 3 |  4- 6 |  7- 9 | 10-12 | 13-15 || total
-------------------------+-------+-------+-------+-------+-------++-------
Melee: Hand axe          |    45 |    75 |   428 |    86 |       ||   634
       Battleaxe         |       |       |       |   531 |   158 ||   689
Throw: Throwing net      |       |     3 |       |     1 |       ||     4
       Javelin           |       |       |       |     5 |       ||     5
Evoke: Wand              |       |       |       |    10 |     2 ||    12
  Use: Scroll            |       |       |     5 |    22 |     1 ||    28
       Potion            |       |       |     3 |     4 |     3 ||    10
 Stab: Distracted        |       |       |       |     1 |       ||     1
       Paralysed         |       |       |       |       |     5 ||     5
  Eat: Chunk             |       |     2 |    15 |    30 |     3 ||    50
Armor: Leather armour    |    17 |     3 |       |       |       ||    20
       Chain mail        |       |    22 |   170 |   224 |    42 ||   458
       Skin              |       |       |     7 |     6 |    22 ||    35
Dodge: Dodged            |    31 |    25 |   117 |   143 |    40 ||   356
